 Dungeon Crawl Stone Soup version 0.22.1-1-ga44c0e56f4 (webtiles) character file.

9302 Ihlosi the Fighter (level 11, 0/95 HPs)
             Began as a Human Gladiator on Nov 10, 2018.
             Was a High Priest of the Shining One.
             Slain by a komodo dragon (19 damage)
             ... on level 10 of the Dungeon.
             The game lasted 00:32:52 (10936 turns).

Ihlosi the Fighter (Human Gladiator)               Turns: 10936, Time: 00:32:54

Health: 0/95       AC: 11    Str: 16    XL:     11   Next: 71%
Magic:  15/15      EV: 10    Int:  8    God:    the Shining One [*****.]
Gold:   340        SH:  0    Dex: 17    Spells: 14/16 levels left

rFire    + + +     SeeInvis .   x - +10 war axe "Miaf" {flame, *Corrode +Fly rF+}
rCold    . . .     Gourm    .   (no shield)
rNeg     + + .     Faith    .   I - +0 chain mail {rF+}
rPois    .         Spirit   .   c - +0 helmet
rElec    .         Reflect  .   y - +0 cloak
rCorr    .         Harm     .   (no gloves)
MR       .....                  G - +1 pair of boots
Stlth    ..........             s - amulet of rage
HPRegen  0.25/turn              i - ring of protection from fire
MPRegen  0.14/turn              (no ring)

@: corroded, glowing
A: no striking features
a: Divine Shield, Cleansing Flame, Summon Divine Warrior, Renounce Religion,
Evoke Berserk Rage, Evoke Flight


You were on level 10 of the Dungeon.
You worshipped the Shining One.
The Shining One was extremely pleased with you.
You were not hungry.

You visited 2 branches of the dungeon, and saw 11 of its levels.

You collected 659 gold pieces.
You spent 319 gold pieces at shops.

Inventory:

Hand Weapons
 a - a +1 long sword
 b - a +2 mace of protection
 n - a +0 scimitar of freezing
 x - the +10 war axe "Miaf" (weapon) {flame, *Corrode +Fly rF+}
   (You found it on level 5 of the Dungeon)

   It has been specially enchanted to burn those struck by it, causing extra
   injury to most foes and up to half again as much damage against particularly
   susceptible opponents.
   Big, fiery blades are also staple armaments of hydra-hunters.
   It protects you from fire.
   It lets you fly.
   It may corrode you when you take damage.
 C - a +2 flail of crushing
Missiles
 o - 4 throwing nets (quivered)
Armour
 c - a +0 helmet (worn)
 y - a +0 cloak (worn)
 G - a +1 pair of boots (worn)
 I - a +0 chain mail of fire resistance (worn)
Jewellery
 i - a ring of protection from fire (left hand)
 r - an uncursed amulet of guardian spirit
 s - an amulet of rage (around neck)
Wands
 j - a wand of enslavement (16)
 B - a wand of clouds (6)
 H - a wand of acid (7)
 M - a wand of paralysis (19)
Scrolls
 d - a scroll of remove curse
 m - a scroll of enchant weapon
 p - 4 scrolls of teleportation
 v - 5 scrolls of amnesia
 w - a scroll of blinking
 A - 3 scrolls of identify
 F - 2 scrolls of fog {unknown}
 J - a scroll of enchant armour
 K - a scroll of fear
 L - a scroll of immolation {unknown}
Potions
 e - 2 potions of curing
 g - a potion of heal wounds
 h - 3 potions of invisibility
 k - 4 potions of agility
 l - a potion of might {unknown}
 q - 2 potions of degeneration
 t - 5 potions of haste
 u - 3 potions of mutation
 z - a potion of brilliance {unknown}
 D - a potion of cancellation
 E - a potion of lignification
Comestibles
 f - 18 rations


   Skills:
 * Level 11.6 Fighting
 * Level 5.9 Long Blades
 - Level 2.0 Throwing
 * Level 7.5 Armour
 * Level 5.7 Dodging
 - Level 1.0 Stealth
 - Level 3.0 Spellcasting
 * Level 3.7 Translocations
 * Level 5.2 Invocations
 - Level 3.0 Evocations


You had 14 spell levels left.
You knew the following spells:

 Your Spells              Type           Power        Failure   Level  Hunger
a - Blink                 Tloc           N/A          80%         2    ###....

Your spell library contained the following spells:

 Spells                   Type           Power        Failure   Level  Hunger
 Magic Dart               Conj           #...         99%         1    ##.....
 Call Imp                 Summ           #.......     99%         2    ###....
 Slow                     Hex            #.......     99%         2    ###....
 Conjure Flame            Conj/Fire      #.......     100%        3    ####...
 Mephitic Cloud           Conj/Pois/Air  #.......     100%        3    ####...


Dungeon Overview and Level Annotations

Branches:
Dungeon (10/15)            Temple (1/1) D:4
   Lair: D:8-11         Orc: D:9-12

Altars:
Ashenzari
Cheibriados
Dithmenos
Elyvilon
Fedhas
Gozag
Hepliaklqana
Kikubaaqudgha
Makhleb
Nemelex Xobeh
Okawaru
Qazlal
Ru
Sif Muna
Trog
Uskayaw
Vehumet
Wu Jian
Xom
Yredelemnul
Zin
The Shining One

Shops:
D:6 !

Annotations:
D:2 unfinished, ogre


Message History

The orc warrior completely misses you. The komodo dragon bites you.
The orc wizard points at you and mumbles some strange words.
The magic dart hits you!
The orc warrior hits you with a long sword.
The komodo dragon bites you!
* * * LOW HITPOINT WARNING * * *
You hit the orc warrior but do no damage.
The orc warrior is almost dead.
You barely miss the komodo dragon. You slash the orc wizard!
You burn the orc wizard.
You kill the orc wizard!
The komodo dragon barely misses you. The orc warrior barely misses you.
Unknown command.
You slash the orc warrior! You burn the orc warrior.
You kill the orc warrior!
You hit the komodo dragon. You burn the komodo dragon.
The komodo dragon bites you!
* * * LOW HITPOINT WARNING * * *
Your corrosive artefact corrodes you!
The komodo dragon bites you!!
You die...

##.......P#
#....P..P.#
#.......PP#
#.......PP#
#.#.....PP#
#.#....P.P#
#.##.l))P#
##.# #.@.#
##..####.##
#........#
#....#####
#....#
#....#
###....#
#....###
##.####


You could see a komodo dragon.

Vanquished Creatures
  Harold (D:7)
  A two-headed ogre (D:9)
  Psyche (D:10)
  A troll (D:8)
  Grinder (D:3)
  A hippogriff (D:8)
  A wyvern (D:10)
  A wraith (D:10)
  11 yaks
  A hungry ghost (D:7)
  2 water moccasins (D:9)
  3 orc warriors (D:10)
  An ice beast (D:6)
  3 sky beasts
  A necrophage (D:7)
  A black bear (D:9)
  7 ogres
  A phantom (D:8)
  3 centaurs
  An elf zombie (D:10)
  Blork the orc (D:5)
  4 bullfrogs
  A water moccasin zombie (D:5)
  A wyvern skeleton (D:10)
  3 scorpions
  8 wights
  4 bullfrog zombies
  2 crimson imps
  A quasit (D:10)
  3 centaur zombies (D:5)
  6 hounds
  3 human zombies (D:10)
  4 jellies
  5 orc priests
  2 centaur skeletons
  11 orc wizards
  3 human skeletons (D:10)
  3 worker ants
  4 hound zombies
  2 hound skeletons (D:10)
  A mummy (D:10)
  4 worker ant zombies
  4 gnolls (D:6)
  A howler monkey skeleton (D:10)
  14 adders
  8 oozes (D:3)
  An adder skeleton (D:5)
  An adder zombie (D:8)
  2 worms
  A dart slug (D:4)
  5 leopard geckos
  30 orcs
  6 giant cockroaches
  6 goblins
  6 hobgoblins
  6 jackals
  12 kobolds
  4 quokkas
  3 ball pythons
  A ball python zombie (D:5)
  11 bats
  7 frilled lizards
  2 jackal skeletons (D:5)
  A jackal zombie (D:5)
  2 leopard gecko skeletons (D:5)
  2 leopard gecko zombies (D:5)
  A quokka zombie (D:5)
  12 rats
268 creatures vanquished.

Vanquished Creatures (others)
  3 fungi (D:3)
  19 plants (D:10)
  7 toadstools (D:3)
29 creatures vanquished.

Grand Total: 297 creatures vanquished

Notes
Turn   | Place    | Note
-------+----------+-------------------------------------------
     0 | D:1      | Ihlosi the Human Gladiator began the quest for the Orb.
     0 | D:1      | Reached XP level 1. HP: 16/16 MP: 1/1
   145 | D:1      | Reached skill level 1 in Stealth
   145 | D:1      | Reached XP level 2. HP: 22/22 MP: 2/2
   891 | D:2      | Reached skill level 3 in Fighting
   907 | D:2      | Reached XP level 3. HP: 28/29 MP: 3/3
  1065 | D:2      | Found an iron altar of Okawaru.
  1393 | D:2      | Noticed an ogre
  1669 | D:3      | Reached XP level 4. HP: 31/35 MP: 4/4
  1768 | D:3      | Reached skill level 1 in Armour
  1962 | D:3      | Reached skill level 4 in Fighting
  1962 | D:3      | Reached XP level 5. HP: 28/42 MP: 5/5
  2209 | D:3      | Reached XP level 6. HP: 45/49 MP: 4/6
  2457 | D:3      | Noticed Grinder
  2457 | D:3      | Paralysed by Grinder for 4 turns
  2473 | D:3      | Killed Grinder
  2473 | D:3      | Reached skill level 5 in Fighting
  2473 | D:3      | Reached XP level 7. HP: 57/57 MP: 7/7
  2677 | D:3      | Reached skill level 6 in Fighting
  3013 | D:4      | Found a sacrificial altar of Ru.
  3301 | D:4      | Learned a level 2 spell: Blink
  3592 | D:4      | Reached skill level 1 in Evocations
  3746 | D:4      | Found a staircase to the Ecumenical Temple.
  3752 | Temple   | Entered the Ecumenical Temple
  3917 | Temple   | Became a worshipper of the Shining One
  4121 | D:5      | Entered Level 5 of the Dungeon
  4214 | D:5      | Got a fine war axe
  4215 | D:5      | Identified the +10 war axe "Miaf" {flame, *Corrode +Fly
                  | rF+} (You found it on level 5 of the Dungeon)
  4703 | D:5      | Reached XP level 8. HP: 62/65 MP: 9/9
  4708 | D:5      | Reached * piety under the Shining One
  4711 | D:5      | Reached skill level 1 in Invocations
  4762 | D:5      | Reached skill level 1 in Spellcasting
  4763 | D:5      | Reached skill level 7 in Fighting
  4971 | D:5      | Reached ** piety under the Shining One
  5185 | D:5      | Noticed Blork the orc
  5196 | D:5      | Killed Blork the orc
  5324 | D:6      | Reached skill level 1 in Translocations
  5423 | D:6      | Reached XP level 9. HP: 20/74 MP: 12/12
  5513 | D:6      | Found Cihasets's Distillery.
  5608 | D:6      | Reached skill level 8 in Fighting
  5778 | D:6      | Bought a potion of curing for 33 gold pieces
  5778 | D:6      | Bought a potion of cancellation for 88 gold pieces
  5778 | D:6      | Bought a potion of lignification for 33 gold pieces
  5778 | D:6      | Bought a potion of agility for 44 gold pieces
  5778 | D:6      | Bought 2 potions of heal wounds for 110 gold pieces
  5778 | D:6      | Bought a potion of degeneration for 11 gold pieces
  6576 | D:7      | Noticed Harold
  6589 | D:7      | Killed Harold
  6589 | D:7      | Reached skill level 9 in Fighting
  7033 | D:7      | Reached XP level 10. HP: 72/83 MP: 14/14
  7140 | D:7      | Found a basalt altar of Yredelemnul.
  7144 | D:7      | Found a blossoming altar of Fedhas.
  7146 | D:7      | Found a bloodstained altar of Trog.
  7146 | D:7      | Found a white marble altar of Elyvilon.
  7148 | D:7      | Found an ancient bone altar of Kikubaaqudgha.
  7283 | D:8      | Reached *** piety under the Shining One
  7478 | D:8      | Reached skill level 10 in Fighting
  7948 | D:8      | Reached skill level 5 in Long Blades
  8691 | D:9      | Reached skill level 5 in Armour
  8827 | D:9      | Noticed a two-headed ogre
  8837 | D:9      | Killed a two-headed ogre
  8837 | D:9      | Reached skill level 5 in Dodging
  8944 | D:9      | Reached XP level 11. HP: 69/92 MP: 15/15
  9040 | D:9      | Reached skill level 11 in Fighting
  9534 | D:10     | Entered Level 10 of the Dungeon
  9534 | D:10     | Reached **** piety under the Shining One
  9628 | D:10     | Noticed Psyche
  9918 | D:10     | Killed Psyche
  9918 | D:10     | Reached skill level 5 in Invocations
 10487 | D:10     | Reached ***** piety under the Shining One
 10497 | D:10     | Found an ancient bone altar of Kikubaaqudgha.
 10936 | D:10     | Slain by a komodo dragon

Skill      XL: |  1  2  3  4  5  6  7  8  9 10 11 |
---------------+----------------------------------+-----
Stealth        | 1 |  1.0
Fighting       | 3 4 5 6 7 9 10 11 | 11.6
Armour         | 1 2 3 4 5 7 |  7.5
Long Blades    | 4 5 |  5.9
Evocations     | 1 2 3 |  3.0
Invocations    | 2 3 4 5 |  5.2
Spellcasting   | 2 3 |  3.0
Translocations | 1 2 3 |  3.7
Dodging        | 5 |  5.7
Throwing       | |  2.0

Action                   |  1- 3 |  4- 6 |  7- 9 | 10-12 || total
-------------------------+-------+-------+-------+-------++-------
Melee: Long sword        |    71 |       |       |       ||    71
       Mace              |    49 |    86 |    52 |       ||   187
       War axe           |       |       |   149 |   260 ||   409
       Scimitar          |       |       |       |     1 ||     1
Throw: Throwing net      |       |       |     3 |     2 ||     5
 Abil: Evoke Berserk Rag |       |     1 |     1 |     1 ||     3
Evoke: Wand              |       |       |       |     1 ||     1
  Use: Scroll            |     3 |     3 |     4 |     5 ||    15
       Potion            |       |       |       |     3 ||     3
 Stab: Distracted        |       |       |     1 |       ||     1
  Eat: Chunk             |     2 |       |    13 |    11 ||    26
       Ration            |       |     1 |     1 |     1 ||     3
Armor: Leather armour    |    43 |    33 |    64 |     8 ||   148
       Chain mail        |     7 |       |       |   182 ||   189
Dodge: Dodged            |   112 |    58 |   148 |   150 ||   468
       Rpst.: Long sword |    21 |       |       |       ||    21
